 Dungeon Crawl Stone Soup version 0.31-a0-949-g57150269e1 (webtiles) character file.

Game seed: 8844513913263034137

408 Newt the Skirmisher (level 7, -14/44 HPs)
             Began as a Kobold Hunter on Oct 22, 2023.
             Demolished by an ice devil (15 damage)
             ... summoned by a kobold demonologist
             ... on level 5 of the Dungeon.
             The game lasted 00:05:37 (4446 turns).

Newt the Skirmisher (Kobold Hunter)                 Turns: 4446, Time: 00:05:38

Health: -14/44     AC:  5    Str:  8      XL:     7   Next: 13%
Magic:  7/7        EV: 15    Int: 16 (17) God:
Gold:   136        SH:  0    Dex: 26      Spells: 6/6 levels left

rFire   . . .        a - +0 shortbow
rCold   . . .        (shield currently unavailable)
rNeg    . . .        c - +0 leather armour
rPois   .            (no helmet)
rElec   .            (no cloak)
rCorr   .            (no gloves)
SInv    .            i - +1 pair of boots
Will    .....        (no amulet)
Stlth   +++          k - +6 ring of intelligence
HPRegen 0.27/turn    o - +6 ring of dexterity
MPRegen 0.10/turn

%: random rage (3%)
@: no status effects
A: small, no large weapons, nightstalker 3, berserk 1, deterioration 1,
inability to read after injury 1
a: no special abilities


You were on level 5 of the Dungeon.
You visited 1 branch of the dungeon, and saw 5 of its levels.

You collected 218 gold pieces.
You spent 82 gold pieces at shops.

Inventory:

Hand Weapons
 a - a +0 shortbow (weapon)
Armour
 c - a +0 leather armour (worn)
 i - a +1 pair of boots (worn)
Jewellery
 k - a +6 ring of intelligence (left hand)
 o - a +6 ring of dexterity (right hand)
 q - a ring of magical power
Wands
 l - a wand of polymorph (6)
Scrolls
 g - a scroll of poison
Potions
 d - a potion of curing
 e - a potion of enlightenment
 f - a potion of resistance
 h - a potion of attraction
 j - a potion of cancellation {unknown}
 n - 3 potions of ambrosia
 p - a potion of heal wounds {unknown}


   Skills:
 - Level 5.0 Fighting
 + Level 9.0 Ranged Weapons
 - Level 2.4 Dodging
 - Level 1.3 Stealth


You had 6 spell levels left.
You didn't know any spells.
Your spell library contained the following spells:

 Spells                   Type           Power      Damage    Failure   Level
 Ensorcelled Hibernation  Hex/Ice        0%         N/A       50%         2
 Jinxbite                 Hex            0%         N/A       50%         2
 Passwall                 Tmut/Erth      0%         N/A       50%         2
 Swiftness                Air            0%         N/A       73%         3
 Anguish                  Hex/Necr       0%         N/A       98%         4
 Iskenderun's Battlesphe  Conj           0%         2d6       100%        5
 Bombard                  Conj/Erth      0%         9d1       100%        6
 Spellforged Servitor     Conj/Summ      0%         N/A       100%        7


Dungeon Overview and Level Annotations

Branches:
Dungeon (5/15)
 Temple: D:4-7

Altars:
Gozag
Ru

Shops:
D:1 ?[(!


Innate Abilities, Weirdness & Mutations

You are small and have problems with some larger weapons.
You are completely attuned to the shadows.
You sometimes lose your temper in combat.
Your body sometimes deteriorates upon taking damage.
You occasionally lose the ability to read scrolls when taking damage.


Message History

The ice devil misses you.
You shoot an arrow.
The arrow hits the kobold demonologist but does no damage.
The kobold demonologist is moderately wounded.
The kobold demonologist splashes around in the water.
The ice devil splashes around in the water.
You shoot an arrow.
The arrow closely misses the kobold demonologist.
The kobold demonologist gestures wildly while chanting.
The ice devil closely misses you.
You shoot an arrow.
The arrow misses the kobold demonologist.
The ufetubus hits you but does no damage. x2
The kobold demonologist splashes around in the water.
The ice devil barely misses you.
You shoot an arrow. The arrow hits the kobold demonologist!
The kobold demonologist is severely wounded.
The ufetubus closely misses you.
The ufetubus hits you but does no damage.
The kobold demonologist splashes around in the water.
The ice devil hits you!
Your body deteriorates!
You feel dopey. The ice devil freezes you! The ufetubus closely misses you.
The ufetubus hits you.
* * * LOW HITPOINT WARNING * * *
You shoot an arrow.
The arrow hits the kobold demonologist but does no damage.
The kobold demonologist is severely wounded.
The ufetubus closely misses you. The ufetubus barely misses you.
The kobold demonologist mumbles some strange words.
The ice devil splashes around in the water.
Unknown command.
You shoot an arrow. The arrow hits the kobold demonologist!
The kobold demonologist is almost dead.
The ufetubus misses you. The ufetubus barely misses you.
The kobold demonologist casts a spell.
The ice devil hits you!
* * * LOW HITPOINT WARNING * * *
The ice devil freezes you!
You die...

##.#...###...≈≈~#
......###....~~.##
......####...≈~.~#
..##...#...~.~~~.#
>###......~~.~~~.#
..###.......~~~~.#
...........~.≈~~.#
.<..........~~~5.#
....#........~35@#
..........~..≈~4K#
###........~~~~.5#
.# ........~~~~..#
............~≈≈...
#........##.~≈≈.
#.#.#.#..####≈≈#
..........# ≈≈#
#.#.#.#.### #


You could see a sun demon (summoned), an ice devil (summoned), a kobold
demonologist, 2 iron imps and an ufetubus (summoned).

Vanquished Creatures
  A phantom (D:4)
  Blork the orc (D:4)
  An orc priest (D:4)
  An iguana (D:3)
  A gnoll (D:5)
  8 adders
  2 ufetubi
  3 worms
  A dart slug (D:2)
  13 orcs
  7 ball pythons
  5 bats
  4 endoplasms
  13 giant cockroaches
  5 goblins
  6 hobgoblins
  4 jackals
  10 kobolds
  3 quokkas
  6 frilled lizards
  3 rats
98 creatures vanquished.

Notes
Turn   | Place    | Note
-------+----------+-------------------------------------------
     0 | D:1      | Newt the Kobold Hunter began the quest for the Orb.
     0 | D:1      | Reached XP level 1. HP: 12/12 MP: 1/1
    35 | D:1      | Reached XP level 2. HP: 18/18 MP: 2/2
   293 | D:1      | Found Pelicser's Antique Weapon Shop.
   317 | D:1      | Found Kenacvaq's Magic Scroll Boutique.
   322 | D:1      | Bought a scroll of identify for 20 gold pieces
   383 | D:1      | Reached XP level 3. HP: 23/23 MP: 3/3
   469 | D:1      | Found Ruronoq's Antique Armour Boutique.
   777 | D:1      | Found Igaphoc's Distillery.
  1268 | D:2      | Reached XP level 4. HP: 23/30 MP: 4/4
  1751 | D:3      | Found a faded altar of an unknown god.
  1816 | D:3      | Reached skill level 5 in Fighting
  2061 | D:3      | Gained mutation: You occasionally lose the ability to drink
                  | potions when taking damage. [potion of mutation]
  2061 | D:3      | Gained mutation: You sometimes lose your temper in combat.
                  | [potion of mutation]
  2061 | D:3      | Gained mutation: You expend magic power (3 MP) to
                  | strengthen your wands. [potion of mutation]
  2062 | D:3      | Lost mutation: You expend magic power (3 MP) to strengthen
                  | your wands. [potion of mutation]
  2062 | D:3      | Lost mutation: You occasionally lose the ability to drink
                  | potions when taking damage. [potion of mutation]
  2062 | D:3      | Lost mutation: You sometimes lose your temper in combat.
                  | [potion of mutation]
  2062 | D:3      | Gained mutation: Your body sometimes deteriorates upon
                  | taking damage. [potion of mutation]
  2062 | D:3      | Gained mutation: You sometimes lose your temper in combat.
                  | [potion of mutation]
  2062 | D:3      | Gained mutation: You occasionally lose the ability to read
                  | scrolls when taking damage. [potion of mutation]
  2152 | D:3      | Reached XP level 5. HP: 35/35 MP: 5/5
  2181 | D:3      | Reached skill level 6 in Ranged Weapons
  2269 | D:3      | Found a sacrificial altar of Ru.
  2353 | D:3      | Found an opulent altar of Gozag.
  2580 | D:1      | Bought a potion of curing for 42 gold pieces
  2636 | D:1      | Bought a scroll of identify for 20 gold pieces
  2959 | D:4      | Reached skill level 7 in Ranged Weapons
  2959 | D:4      | Reached XP level 6. HP: 28/40 MP: 6/6
  3288 | D:4      | Noticed Blork the orc
  3299 | D:4      | Killed Blork the orc
  3300 | D:4      | Reached skill level 8 in Ranged Weapons
  3573 | D:5      | Entered Level 5 of the Dungeon
  3643 | D:5      | HP: 1/40 [ufetubus (3)]
  4028 | D:4      | Reached XP level 7. HP: 44/44 MP: 7/7
  4124 | D:5      | Reached skill level 9 in Ranged Weapons
  4429 | D:5      | Noticed a kobold demonologist
  4433 | D:5      | Noticed an ice devil
  4446 | D:5      | Noticed a sun demon
  4446 | D:5      | HP: 1/44 [ice devil[a kobold demonologist] (12)]
  4446 | D:5      | Demolished by an ice devil

Illustrated notes

Levels and vault maps discovered:
D:1:      minmay_arrival_plants_in_alcoves, layout_basic, serial_shops, shop,
          nicolae_shop_crystal, nicolae_shop_rolling_square,
          nicolae_shop_hallway_plus, hangedman_feature_mirror
D:2:      layout_rooms, minmay_statues_item
D:3:      minmay_roachtagon, layout_basic, mainiacjoe_overflow_surrounded_room,
          mainiacjoe_overflow_paths, shapermc_ecumenical_altar_mp_highgroup
D:4:      layout_rooms, kennysheep_dice, uniq_blork_the_orc
D:5:      layout_cave_pools, pf_just_have_faith, vehumet_statue, led_xom_imps,
          serial_shops, shop, chequers_serial_rivers_small_3, st_stairs_9,
          lightli_church_of_beogh

Skill      XL: |  1  2  3  4  5  6  7 |
---------------+----------------------+-----
Fighting       | 3 4 5 |  5.0
Ranged Weapons | 7 8 9 |  9.0
Dodging        | |  2.4
Stealth        | |  1.3

Action                     |  1- 3 |  4- 6 |  7- 9 || total
---------------------------+-------+-------+-------++-------
   Fire: Shortbow          |    65 |   200 |    48 ||   313
    Use: Scroll            |     3 |     5 |     3 ||    11
         Potion            |       |     2 |     2 ||     4
 Armour: Leather armour    |    12 |    90 |    34 ||   136
  Dodge: Dodged            |    22 |   119 |    52 ||   193

Table legend: (Time is in decaauts)
 A = Elapsed time spent in this place.
 B = Non-inter-level travel time spent in this place.
 C = Inter-level travel time spent in this place.
 D = Time resting spent in this place.
 E = Time spent auto-exploring this place.
 F = Levels seen in this place.
 G = Mean time per level.
                   A        B        C        D        E       F      G
               +--------+--------+--------+--------+--------+-----+--------+
         Total |   4490 |   4126 |    364 |    767 |   2784 |   5 |  898.0 |
       Dungeon |   4490 |   4126 |    364 |    767 |   2784 |   5 |  898.0 |
               +--------+--------+--------+--------+--------+-----+--------+

Top non-repeatable levels by time:
     D:1: 1268 daAuts
     D:3: 1130 daAuts
     D:4: 936 daAuts
     D:2: 663 daAuts
     D:5: 490 daAuts
